 Dungeon Crawl Stone Soup version 0.31-a0-889-g1a8549509d (webtiles) character file.

Game seed: 12783986218011906794

35 greenreed the Cudgeller (level 3, 0/33 HPs)
             Began as a Minotaur Berserker on Oct 16, 2023.
             Was a Believer of Trog.
             Slain by a gnoll
             ... wielding a +0 flail
              (4 damage)
             ... on level 1 of the Dungeon.
             The game lasted 00:02:19 (1044 turns).

greenreed the Cudgeller (Minotaur Berserker)        Turns: 1044, Time: 00:02:19

Health: 0/33       AC:  9    Str: 23    XL:     3   Next: 17%
Magic:  2/2        EV:  9    Int:  4    God:    Trog [**....]
Gold:   53         SH:  0    Dex: 15    Spells: 2/2 levels left

rFire   . . .        a - +0 mace
rCold   . . .        (no shield)
rNeg    . . .        g - +0 chain mail
rPois   .            (helmet restricted)
rElec   .            (no cloak)
rCorr   .            (no gloves)
SInv    .            (no boots)
Will    .....        (no amulet) Stlth
                     h - +6 ring of dexterity
HPRegen 0.25/turn    (no ring)
MPRegen 0.08/turn

%: no passive effects
@: on berserk cooldown, slowed, very slow
A: horns 2, retaliatory headbutt
a: Renounce Religion, Berserk, Trog's Hand


You were on level 1 of the Dungeon.
You worshipped Trog.
Trog was pleased with you.
You visited 1 branch of the dungeon, and saw 2 of its levels.

You collected 53 gold pieces.

Inventory:

Hand Weapons
 a - a +0 mace (weapon)
Armour
 g - a +0 chain mail (worn)
Jewellery
 h - a +6 ring of dexterity (left hand)
 j - an amulet of guardian spirit
Scrolls
 b - a scroll of enchant weapon {unknown}
 c - a scroll of noise {unknown}
 d - a scroll of blinking {unknown}
 e - a scroll of fear {unknown}
 f - a scroll of fog {unknown}
Potions
 i - a potion of brilliance {unknown}
 k - a potion of cancellation {unknown}
 l - a potion of berserk rage {unknown}


   Skills:
 * Level 4.2 Fighting
 * Level 4.2 Maces & Flails
 + Level 3.0 Armour
 + Level 2.4 Dodging


You had 2 spell levels left.
You didn't know any spells.
Your spell library was empty.

Dungeon Overview and Level Annotations

Branches:
Dungeon (2/15)

Altars:
Kikubaaqudgha


Innate Abilities, Weirdness & Mutations

You have a pair of horns on your head.
You reflexively headbutt those who attack you in melee.


Message History

The gnoll hits you but does no damage.
You feel a strong urge to attack something.
The gnoll hits you from afar with a +1 heavy spear.
You hit the gnoll.
The gnoll is moderately wounded.
You barely miss the gnoll. You headbutt the gnoll.
The gnoll is heavily wounded.
The gnoll hits you from afar with a +1 heavy spear!
The gnoll hits you with a +0 spear.
You closely miss the gnoll.
The gnoll is heavily wounded.
The giant cockroach closely misses you. You furiously retaliate!
You headbutt the giant cockroach!
You kill the giant cockroach!
Trog accepts your kill. The gnoll hits you but does no damage.
You barely miss the gnoll.
The gnoll is heavily wounded.
The gnoll barely misses you. The gnoll hits you with a +0 spear.
You feel a strong urge to attack something.
The gnoll hits you from afar with a +0 spear.
The gnoll attacks as it pursues you! The gnoll hits you with a +0 flail.
You are no longer berserk.
You are exhausted.
You feel yourself slow down. The gnoll attacks as it pursues you!
The gnoll hits you but does no damage.
The gnoll hits you from afar with a +0 spear.
* * * LOW HITPOINT WARNING * * *
The gnoll misses you.
There is a stone staircase leading up here.
The gnoll hits you but does no damage. The gnoll barely misses you.
The gnoll closely misses you.
You climb upwards.
There is a stone staircase leading down here.
You hit the gnoll.
The gnoll is lightly wounded.
The gnoll hits you with a +0 flail.
* * * LOW HITPOINT WARNING * * *
The gnoll hits you with a +0 flail.
You die...

.♣♣♣P..#
#............#......
.P♣♣♣.P#
#............#######
.PP♣♣..# #............#
.PP.♣..# ####......####
##..♣..#### #.######
....♣.....# ##...#
.##.P.###.# #..#.#
....♣.###.# #g.#.#
.#..#...#.# #@.#.#
.#......#.# #..#.######
†#.######.######..#......#
.#.# #............#####.#
.#.# ############.....#.#
.#.# #.................#
...# #.#############.###
#### #..)............#
#.#####.###.###.#


You could see a gnoll.

Vanquished Creatures
  3 ball pythons (D:1)
  2 endoplasms (D:1)
  2 giant cockroaches
  7 goblins
  4 hobgoblins (D:1)
  2 kobolds
  2 quokkas (D:1)
  4 bats (D:1)
  A frilled lizard (D:1)
  3 rats
30 creatures vanquished.

Notes
Turn   | Place    | Note
-------+----------+-------------------------------------------
     0 | D:1      | greenreed the Minotaur Berserker began the quest for the
                  | Orb.
     0 | D:1      | Reached XP level 1. HP: 19/19 MP: 0/0
    53 | D:1      | Reached XP level 2. HP: 27/27 MP: 1/1
   569 | D:1      | Reached ** piety under Trog
   660 | D:1      | Reached XP level 3. HP: 33/33 MP: 2/2
   980 | D:2      | Found an ancient bone altar of Kikubaaqudgha.
  1044 | D:1      | Slain by a gnoll

Illustrated notes

Levels and vault maps discovered:
D:1:      dpeg_arrival_simpleton_c, layout_basic, serial_forest,
          infiniplex_forest_end_1, infiniplex_forest_straight_3,
          infiniplex_forest_join, infiniplex_forest_clump_long,
          infiniplex_forest_clump_curved, infiniplex_forest_end_2,
          minmay_misc_feat_hallway, minmay_misc_feat_doors
D:2:      layout_rooms, basic_altar, nicolae_grassy_gnolls, uniq_sigmund,
          uniq_natasha

Skill      XL: |  1  2  3 |
---------------+----------+-----
Fighting       | 4 |  4.2
Maces & Flails | 4 |  4.2
Armour         | 3 |  3.0
Dodging        | |  2.4

Action                     || total
---------------------------++-------
  Melee: Mace              ||    69
         Headbutt          ||     5
 Invoke: Berserk           ||     1
 Armour: Animal skin       ||    17
         Chain mail        ||    40
  Dodge: Dodged            ||    39

Table legend: (Time is in decaauts)
 A = Elapsed time spent in this place.
 B = Non-inter-level travel time spent in this place.
 C = Inter-level travel time spent in this place.
 D = Time resting spent in this place.
 E = Time spent auto-exploring this place.
 F = Levels seen in this place.
 G = Mean time per level.
                   A        B        C        D        E       F      G
               +--------+--------+--------+--------+--------+-----+--------+
         Total |   1057 |   1037 |     20 |      0 |    813 |   2 |  528.5 |
       Dungeon |   1057 |   1037 |     20 |      0 |    813 |   2 |  528.5 |
               +--------+--------+--------+--------+--------+-----+--------+

Top non-repeatable levels by time:
     D:1: 970 daAuts
     D:2: 87 daAuts
